 Dungeon Crawl Stone Soup version 0.23-a0-650-ga4d50d4d25 (webtiles) character file.

28744 LLavrengius the Blocker (level 13, -12/93 HPs)
             Began as an Octopode Fighter on Jan 4, 2019.
             Was a High Priest of Sif Muna.
             Mangled by a death yak (28 damage)
             ... on level 5 of the Lair of Beasts.
             The game lasted 01:19:43 (17738 turns).

LLavrengius the Blocker (Octopode Fighter)         Turns: 17738, Time: 01:19:44

Health: -12/93     AC:  3    Str: 15    XL:     13   Next: 40%
Magic:  38/38      EV: 15    Int: 14    God:    Sif Muna [*****.]
Gold:   1120       SH: 13    Dex: 15    Spells: 15/22 levels left

rFire    + + .     SeeInvis .   j - +3 dagger (elec)
rCold    + + .     Gourm    .   b - +1 shield
rNeg     . . .     Faith    .   U - +2 hat
rPois    +         Spirit   .   I - amulet "Roladec" {Harm *Drain rF+ rC+ MP+9 Stlth+}
rElec    .         Reflect  .   i - ring of protection from cold
rCorr    .         Harm     +   L - ring of magical power
MR       .....                  K - ring "Meedugg" {rPois Slay+4}
Stlth    ++++++....             (no ring)
HPRegen  0.25/turn              (no ring)
MPRegen  0.26/turn              (no ring)
                                (no ring)
                                (no ring)

@: no status effects
A: almost no armour, stealthy swim, amphibious, 8 rings, constrict 8, tentacle
spike 1, camouflage 1, agile 1, fire resistance 1, gelatinous body 1, MP-powered
wands
a: Divine Energy, Channel Magic, Forget Spell, Renounce Religion


You were on level 5 of the Lair of Beasts.
You worshipped Sif Muna.
Sif Muna was extremely pleased with you.
You were not hungry.

You visited 2 branches of the dungeon, and saw 17 of its levels.
You also visited: Bailey.

You collected 1162 gold pieces.
You spent 42 gold pieces at shops.

Inventory:

Hand Weapons
 j - a +3 dagger of electrocution (weapon)
 m - a +1 trident of distortion
 p - a +4 spear
 z - a +0 falchion of electrocution
 J - a +2 short sword of speed
 O - a +4 dagger of freezing
 P - a +0 blowgun
Missiles
 e - 31 tomahawks of returning (quivered)
 t - 125 sling bullets
 B - 14 javelins
 Q - 40 poisoned needles
Armour
 b - a +1 shield (worn)
 U - a +2 hat (worn)
Jewellery
 i - a ring of protection from cold (left tentacle)
 y - an uncursed amulet of guardian spirit
 F - an uncursed ring of ice
 I - the amulet "Roladec" (around mantle) {Harm *Drain rF+ rC+ MP+9 Stlth+}
   (You acquired it on level 3 of the Lair of Beasts)

   [amulet of harm]

   It increases damage dealt and taken.
   It protects you from fire.
   It protects you from cold.
   It affects your magic capacity (+9).
   It causes draining when unequipped.
   It makes you more stealthy.
 K - the ring "Meedugg" (on tentacle) {rPois Slay+4}
   (You found it on level 3 of the Lair of Beasts)

   [ring of slaying]

   It affects your accuracy and damage with ranged weapons and melee attacks
   (+4).
   It protects you from poison.
 L - a ring of magical power (right tentacle)
 N - the amulet of Remab {RegenMP rElec Int+4}
   (You found it on level 2 of the Lair of Beasts)

   [amulet of magic regeneration]

   It increases your magic regeneration.
   It affects your intelligence (+4).
   It insulates you from electricity.
Wands
 A - a wand of enslavement (21)
 C - a wand of random effects (18)
 S - a wand of acid (23)
Scrolls
 f - a scroll of enchant weapon
 g - 2 scrolls of amnesia
 h - a scroll of identify
 r - 2 scrolls of enchant armour
 v - 6 scrolls of remove curse
 G - 6 scrolls of teleportation
 H - a scroll of fear
 M - 2 scrolls of blinking
 R - a scroll of vulnerability {unknown}
 X - a scroll of torment {unknown}
Potions
 c - 2 potions of might
 k - 2 potions of magic
 l - 3 potions of lignification
 n - 9 potions of curing
 s - a potion of invisibility {unknown}
 u - 5 potions of mutation
 w - 2 potions of heal wounds
 x - 2 potions of cancellation
 D - 2 potions of ambrosia
 E - a potion of flight {unknown}
 T - 5 potions of brilliance
 Y - a potion of haste {unknown}
 Z - 2 potions of berserk rage {unknown}
Miscellaneous
 W - a box of beasts
Comestibles
 d - 33 rations


   Skills:
 + Level 10.5 Fighting
 - Level 10.0 Short Blades
 - Level 4.0 Dodging
 - Level 8.0 Stealth
 * Level 12.3 Shields
 - Level 5.0 Spellcasting
 + Level 7.3 Summonings
 + Level 6.3 Air Magic


You had 15 spell levels left.
You knew the following spells:

 Your Spells              Type           Power        Failure   Level  Hunger
a - Call Canine Familiar  Summ           ###.....     3%          3    ###....
b - Summon Lightning Spi  Summ/Air       ###.....     14%         4    ####...

Your spell library contained the following spells:

 Spells                   Type           Power        Failure   Level  Hunger
 Summon Small Mammal      Summ           ###.         1%          1    None
 Call Imp                 Summ           ###.....     1%          2    ##.....
 Poisonous Vapours        Pois/Air       ##....       10%         2    ##.....
 Summon Guardian Golem    Hex/Summ       ##......     16%         3    ###....
 Animate Skeleton         Necr           N/A          24%         1    None
 Confusing Touch          Hex            #.....       24%         1    None
 Corona                   Hex            #......      24%         1    None
 Pain                     Necr           #...         24%         1    None
 Sting                    Conj/Pois      #...         24%         1    None
 Mephitic Cloud           Conj/Pois/Air  #.......     30%         3    ###....
 Ensorcelled Hibernation  Hex/Ice        #.....       36%         2    ##.....
 Summon Ice Beast         Ice/Summ       ##......     47%         4    ####...
 Confuse                  Hex            #.......     58%         3    ###....
 Conjure Flame            Conj/Fire      #.......     58%         3    ###....
 Dazzling Spray           Conj/Hex       #.....       58%         3    ###....
 Gell's Gravitas          Tloc           #.........   58%         3    ###....
 Regeneration             Chrm/Necr      #.........   58%         3    ###....
 Tukima's Dance           Hex            #.......     58%         3    ###....
 Vampiric Draining        Necr           #.........   58%         3    ###....
 Animate Dead             Necr           N/A          94%         4    ####...
 Petrify                  Tmut/Erth      #.......     94%         4    ####...
 Alistair's Intoxication  Tmut/Pois      #.......     100%        5    ######.
 Metabolic Englaciation   Hex/Ice        #.........   100%        5    ######.
 Yara's Violent Unravell  Hex/Tmut       #.........   100%        5    ######.
 Bolt of Fire             Conj/Fire      #.........   100%        6    #######
 Conjure Ball Lightning   Conj/Air       ##........   100%        6    #######
 Freezing Cloud           Conj/Ice/Air   #.........   100%        6    #######
 Ring of Flames           Chrm/Fire      #.........   100%        7    #######


Dungeon Overview and Level Annotations

Branches:
Dungeon (12/15)            Temple (0/1) D:6            Lair (5/6) D:10
  Swamp (0/4) Lair:3        Snake (0/4) Lair:4          Orc (0/2) D:9
  Slime: Lair:5-6

Altars:
Ashenzari
Dithmenos
Elyvilon
Gozag
Hepliaklqana
Makhleb
Nemelex Xobeh
Sif Muna
Uskayaw
Vehumet
Wu Jian
Xom
Yredelemnul
Beogh

Shops:
D:7 *

Annotations:
D:5 3 runed doors, CakeIsGreat's ghost, novice GrFi; Shaidar's ghost, novice MiBe; dondy's ghost, novice MiGl
D:7 2 runed doors, exclusion: orange crystal statue
D:9 3 runed doors
Lair:1 Prince Ribbit


Innate Abilities, Weirdness & Mutations

You cannot wear most types of armour.
You are very stealthy in the water. (Stealth+)
You are amphibious.
You can wear up to eight rings at the same time.
You can use your tentacles to constrict eight enemies at once.
Your skin changes colour to match your surroundings (Stealth+).
Your rubbery body absorbs attacks. (AC +1, EV +1)
One of your tentacles bears a spike.
You are agile. (Dex +2)
Your flesh is heat resistant. (rF+)
You expend magic power (3 MP) to strengthen your wands.


Message History

There is an escape hatch in the floor here.
All of the chunks of flesh in your inventory have rotted away.
A death yak comes into view. x2
The death yak moves out of view. 2 death yaks come into view.
The death yak moves out of view.
A death yak comes into view.
The death yak bellows! x4; You hear a bellow! x2
A death yak comes into view. x2
The death yak completely misses you. The death yak gores you!!
You block the death yak's attack.
The death yak bellows!
The death yak gores you!! The death yak gores you!
* * * LOW HITPOINT WARNING * * *
You block the death yak's attack.
You feel much better. The death yak gores you!!
* * * LOW HITPOINT WARNING * * *
You block the death yak's attack. The death yak gores you!!
You die...

............##.................#.
........<....#................##.
.............#................P##
.....P###.P#.....................
.#.#.## #####..............÷.....
###### #..............÷..... #
##...................
###....Y...............
##.##..@Y.Y.............
###......YY...............
####........Y................
###.#......#.P....Y............
#.#.......####....Y............
###.....#P.## #.............
#......##### ###............
......## #...###........ ...P.##
#...P####......


You could see 8 death yaks.

Vanquished Creatures
  Gastronok (Lair:1)
  5 death yaks
  Urug (Lair:2)
  2 orc knights (Bailey)
  11 elephants
  A centaur zombie (D:11)
  2 black mambas (Lair:2)
  7 spiny frogs
  5 rime drakes (Lair:4)
  2 komodo dragons
  A troll (D:12)
  5 blink frogs
  2 polar bears
  2 hippogriffs
  2 bog bodies (Lair:3)
  5 dream sheep (Lair:5)
  A spriggan (D:7)
  A wyvern (D:11)
  7 yaks
  2 basilisks (Lair:1)
  2 hungry ghosts
  A steam dragon (Lair:2)
  Edmund (D:5)
  2 nagas (Lair:4)
  6 water moccasins
  11 porcupines
  6 orc warriors
  4 ice beasts
  6 ogres
  2 phantoms
  2 sky beasts
  A black bear (Lair:5)
  3 wolves (Lair:5)
  6 centaurs
  4 crocodiles
  3 big kobolds
  A gnoll sergeant (D:7)
  15 bullfrogs
  A scorpion (D:5)
  8 killer bees
  2 electric eels (Lair:4)
  5 wights (D:10)
  3 howler monkeys
  7 crimson imps
  A bullfrog zombie (D:7)
  A gnoll shaman (D:7)
  3 orc priests
  A bullfrog skeleton (D:11)
  3 centaur skeletons
  6 hounds
  4 jellies
  2 iguanas
  Jessica (D:2)
  5 worker ants
  5 orc wizards
  A killer bee zombie (D:7)
  A hound zombie (D:11)
  A hound skeleton (D:10)
  Robin (D:2)
  2 worker ant zombies
  9 gnolls (D:7)
  A howler monkey skeleton (D:5)
  A howler monkey zombie (D:7)
  18 adders
  2 shadow imps
  An adder zombie (D:6)
  3 adder skeletons
  2 worms
  A dart slug (D:3)
  12 leopard geckos
  34 orcs
  3 ball pythons
  9 bats
  8 giant cockroaches
  27 goblins
  6 hobgoblins
  4 jackals (D:3)
  2 quokkas
  4 frilled lizards
  A jackal zombie (D:7)
  32 kobolds
  A quokka zombie (D:6)
  6 rats
  2 plants (D:10)
394 creatures vanquished.

Vanquished Creatures (collateral kills)
  A blink frog (Lair:5)
  A dream sheep (Lair:5)
  A yak (Lair:4)
  5 nagas (Lair:4)
8 creatures vanquished.

Vanquished Creatures (others)
  A dart slug (D:2)
  A rat (D:2)
  8 fungi
  44 plants
  2 withered plants (D:5)
56 creatures vanquished.

Grand Total: 458 creatures vanquished

Notes
Turn   | Place    | Note
-------+----------+-------------------------------------------
     0 | D:1      | LLavrengius the Octopode Fighter began the quest for the
                  | Orb.
     0 | D:1      | Reached XP level 1. HP: 16/16 MP: 1/1
    69 | D:1      | Reached skill level 1 in Stealth
   209 | D:1      | Reached XP level 2. HP: 21/21 MP: 2/2
   641 | D:2      | Found a burning altar of Makhleb.
   668 | D:2      | Noticed Robin
   860 | D:2      | Reached XP level 3. HP: 24/26 MP: 3/3
  1145 | D:2      | Reached XP level 4. HP: 23/31 MP: 4/4
  1512 | D:2      | Found a radiant altar of Vehumet.
  1975 | D:2      | Noticed Jessica
  1977 | D:2      | Killed Jessica
  1981 | D:2      | Killed Robin
  1981 | D:2      | Reached XP level 5. HP: 20/36 MP: 5/5
  2774 | D:3      | Reached skill level 5 in Stealth
  3088 | D:3      | Found a deep blue altar of Sif Muna.
  3094 | D:3      | Became a worshipper of Sif Muna the Loreminder
  3308 | D:4      | Reached XP level 6. HP: 18/42 MP: 0/6
  3456 | D:4      | Found a hide-covered altar of Uskayaw.
  4220 | D:4      | Reached skill level 1 in Spellcasting
  4343 | D:5      | Entered Level 5 of the Dungeon
  4367 | D:5      | Noticed a phantom
  4470 | D:5      | Noticed an ice beast
  4478 | D:5      | Killed an ice beast
  4478 | D:5      | Reached skill level 5 in Short Blades
  4478 | D:5      | Reached XP level 7. HP: 47/47 MP: 8/8
  4502 | D:5      | Found a runed gate.
  4502 | D:5      | Found a runed gate.
  4502 | D:5      | Found a runed gate.
  4547 | D:5      | Noticed Edmund
  4556 | D:5      | Killed Edmund
  4638 | D:5      | Reached XP level 8. HP: 54/54 MP: 11/11
  4745 | D:5      | Found a shimmering altar of Xom.
  4746 | D:5      | Found a hazy altar of Hepliaklqana.
  4746 | D:5      | Noticed a tentacled monstrosity
  4747 | D:5      | Noticed a tentacled monstrosity
  4747 | D:5      | Noticed a spectral ugly thing
  4928 | D:5      | Reached * piety under Sif Muna
  4964 | D:5      | Gained mutation: One of your tentacles bears a spike.
                  | [potion of mutation]
  4964 | D:5      | Gained mutation: You are agile. (Dex +2) [potion of
                  | mutation]
  4964 | D:5      | Gained mutation: Your flesh is heat resistant. (rF+)
                  | [potion of mutation]
  4964 | D:5      | Gained mutation: You expend magic power (3 MP) to
                  | strengthen your wands. [potion of mutation]
  5158 | D:5      | Noticed dondy's ghost (novice MiGl)
  5158 | D:5      | Noticed Shaidar's ghost (novice MiBe)
  5159 | D:5      | Noticed CakeIsGreat's ghost (novice GrFi)
  5436 | D:6      | Reached skill level 5 in Fighting
  5513 | D:6      | Found a shadowy altar of Dithmenos.
  5699 | D:6      | Reached skill level 4 in Shields
  5750 | D:6      | Reached XP level 9. HP: 61/61 MP: 14/14
  5876 | D:6      | Found a staircase to the Ecumenical Temple.
  6552 | D:7      | Found Uxuacwat's General Store.
  6556 | D:7      | Bought a scroll of fear for 42 gold pieces
  6735 | D:7      | Reached skill level 5 in Shields
  6811 | D:7      | Found a runed door.
  6955 | D:7      | Found the +10 large shield of Ignorance {rN+ Int-4}
  6961 | D:7      | Found a runed door.
  6961 | D:7      | Noticed an orange crystal statue
  7090 | D:7      | Reached ** piety under Sif Muna
  7412 | D:7      | Reached XP level 10. HP: 65/69 MP: 15/17
  7525 | D:8      | Found a shattered altar of Ashenzari.
  7688 | D:8      | Learned a level 3 spell: Call Canine Familiar
  7898 | D:8      | Reached skill level 5 in Spellcasting
  8068 | D:8      | Found a sparkling altar of Nemelex Xobeh.
  8107 | D:8      | Found a white marble altar of Elyvilon.
  8337 | D:9      | Found the +8 longbow "Zephyr" {speed, Dex+3 SInv}
  8360 | D:9      | Found a staircase to the Orcish Mines.
  8364 | D:9      | Found a flagged portal.
  8378 | Bailey   | Entered a bailey
  8515 | Bailey   | Reached skill level 1 in Summonings
  8530 | Bailey   | Found an iron altar of Okawaru.
  8530 | Bailey   | Noticed an orc knight
  8530 | Bailey   | Noticed an orc knight
  8555 | Bailey   | Killed an orc knight
  8555 | Bailey   | Reached skill level 6 in Shields
  8671 | Bailey   | Killed an orc knight
  8929 | D:9      | Found an ornate altar of the Wu Jian Council.
  9025 | D:9      | Found a basalt altar of Yredelemnul.
  9134 | D:9      | Found a runed gate.
  9134 | D:9      | Found a runed gate.
  9134 | D:9      | Found a runed gate.
  9224 | D:9      | Found a roughly hewn altar of Beogh.
  9232 | D:9      | Reached skill level 10 in Short Blades
  9344 | D:10     | Entered Level 10 of the Dungeon
  9619 | D:10     | Found a staircase to the Lair.
  9744 | D:10     | Reached skill level 7 in Shields
  9744 | D:10     | Reached XP level 11. HP: 75/75 MP: 18/18
  9935 | D:10     | Reached *** piety under Sif Muna
 10966 | D:12     | Reached skill level 8 in Shields
 11191 | Lair:1   | Entered Level 1 of the Lair of Beasts
 11191 | Lair:1   | Noticed Gastronok
 11208 | Lair:1   | Killed Gastronok
 11342 | Lair:1   | Learned a level 4 spell: Summon Lightning Spire
 11445 | Lair:1   | Noticed Prince Ribbit
 11476 | Lair:1   | Reached skill level 5 in Summonings
 11783 | Lair:1   | Reached skill level 9 in Shields
 11783 | Lair:1   | Reached skill level 1 in Air Magic
 12229 | Lair:2   | Noticed Urug
 12241 | Lair:2   | Killed Urug
 12555 | Lair:2   | Reached XP level 12. HP: 84/84 MP: 19/19
 12582 | Lair:2   | Got a translucent lead amulet
 13088 | Lair:2   | Found an opulent altar of Gozag.
 13153 | Lair:3   | Found a staircase to the Swamp.
 13162 | Lair:3   | Reached **** piety under Sif Muna
 13179 | Lair:3   | Reached skill level 10 in Shields
 14892 | Lair:3   | Identified the ring "Meedugg" {rPois Slay+4} (You found it
                  | on level 3 of the Lair of Beasts)
 15252 | Lair:3   | Identified a scroll of acquirement
 15253 | Lair:3   | Got a brightly glowing ruby amulet
 15255 | Lair:3   | Identified the amulet "Roladec" {Harm *Drain rF+ rC+ MP+9
                  | Stlth+} (You acquired it on level 3 of the Lair of Beasts)
 15614 | Lair:4   | Found a staircase to the Snake Pit.
 15641 | Lair:4   | Reached skill level 11 in Shields
 16017 | Lair:4   | Reached skill level 5 in Air Magic
 16019 | Lair:4   | Reached skill level 10 in Fighting
 16477 | Lair:5   | Noticed a death yak
 16477 | Lair:5   | Noticed a death yak
 16477 | Lair:5   | Noticed a death yak
 16477 | Lair:5   | Noticed a death yak
 16477 | Lair:5   | Noticed a death yak
 16478 | Lair:5   | Killed a death yak
 16478 | Lair:5   | Reached XP level 13. HP: 92/92 MP: 20/20
 16837 | Lair:5   | Reached skill level 12 in Shields
 17084 | Lair:5   | Identified the amulet of Remab {RegenMP rElec Int+4} (You
                  | found it on level 2 of the Lair of Beasts)
 17506 | Lair:5   | Reached ***** piety under Sif Muna
 17506 | Lair:5   | Identified Pufuecw's Handbook of Harmful Transformation
                  | (Sif Muna gifted it to you on level 5 of the Lair of
                  | Beasts)
 17506 | Lair:5   | Received a gift from Sif Muna
 17738 | Lair:5   | Mangled by a death yak

Vault maps used:
D:1:      scummos_arrival_star
D:2:      overflow_temple_1_default, fiery_altar_vehumet, uniq_jessica,
          uniq_robin
D:3:      led_sif_pool
D:4:      eat_drink_and_be_merry_uskayaw, first_ration
D:5:      regret_index_temple_of_mockery, gammafunk_ghost_cemetery,
          minmay_joined_circles, uniq_edmund
D:6:      minmay_temple_entry_nine_rooms, serial_glass, glass_columns_a,
          glass_columns_b, grunt_dithmenos_smoke_and_mirrors
D:7:      cheibrodos_barr_body, serial_shops, shop, the_bakery,
          corexii_item_surrounded_by_moat, chequers_guarded_unrand_ignorance
D:8:      nemelex_xobeh_ov_fountains_minmay, lemuel_coloured_pillars_altar,
          elyvilon_altar_5
D:9:      overflow_temple_1_default, nicolae_overflow_crystal_walls,
          minmay_orc_entry_temple_small, gammafunk_ghost_necromancy,
          enter_bailey_3
D:10:     dpeg_oklobed_lair
D:12:     special_room, nicolae_qazlal_eye_of_the_storm, uniq_josephine,
          uniq_sonja
Lair:1:   grunt_megastairs_1, uniq_prince_ribbit2, uniq_gastronok
Lair:2:   basic_altar, uniq_urug
Lair:3:   skrybe_swamp_entry_bodies, grunt_megastairs_3, serial_bayou_shore_b
Lair:4:   minmay_snake_entry_guardpost_medium, serial_bayou,
          serial_bayou_crossing, serial_bayou_ford_a, serial_bayou_pond_c,
          serial_bayou_pond_e, serial_bayou_shore_b, serial_bayou_lagoon_a,
          minmay_lair_drake_nest
Lair:5:   chequers_serial_rivers_room_a
Bailey:   bailey_axe_3, bailey

Skill      XL: |  1  2  3  4  5  6  7  8  9 10 11 12 13 |
---------------+----------------------------------------+-----
Stealth        | 1 2 3 4 5 6 7 8 |  8.0
Short Blades   | 3 4 5 6 7 9 10 | 10.0
Spellcasting   | 1 2 3 4 5 |  5.0
Fighting       | 4 5 6 7 8 10 | 10.5
Dodging        | 4 |  4.0
Shields        | 4 5 7 9 11 12 | 12.3
Summonings     | 3 5 7 |  7.3
Air Magic      | 2 5 6 |  6.3

Action                   |  1- 3 |  4- 6 |  7- 9 | 10-12 | 13-15 || total
-------------------------+-------+-------+-------+-------+-------++-------
Melee: Rapier            |    29 |       |       |       |       ||    29
       Constrict         |    12 |    32 |    38 |    59 |    10 ||   151
       Dagger            |    24 |   154 |   266 |   516 |   100 ||  1060
       Tentacles         |     4 |    24 |    58 |   125 |    22 ||   233
       Kick              |       |       |    67 |   189 |    31 ||   287
       Spear             |       |       |       |     8 |       ||     8
Throw: Javelin           |       |       |    10 |     7 |       ||    17
       Tomahawk          |       |       |       |    43 |     4 ||    47
 Cast: Call Canine Famil |       |       |       |    11 |     3 ||    14
       Summon Lightning  |       |       |       |    14 |     5 ||    19
Evoke: Wand              |       |       |       |     1 |       ||     1
  Use: Scroll            |       |     6 |     7 |    15 |     1 ||    29
       Potion            |       |     1 |     1 |     6 |     1 ||     9
 Stab: Sleeping          |     8 |    14 |    21 |    36 |     4 ||    83
       Distracted        |       |       |     1 |     5 |       ||     6
  Eat: Chunk             |     1 |    10 |     9 |    26 |     5 ||    51
       Ration            |       |       |       |     2 |       ||     2
Armor: Skin              |     4 |     3 |     3 |    22 |     2 ||    34
Dodge: Dodged            |    24 |    58 |    66 |   129 |    19 ||   296
Block: Shield            |    12 |    40 |    66 |   178 |    42 ||   338

Table legend:
 A = Non-vault XP
 B = Vault XP
 C = Vault XP percentage of total XP
 D = Non-vault monster count
 E = Vault monster count
 F = Vault count percentage of total count
                 A         B        C        D         E       F
            +---------+---------+-------+---------+---------+-------
      Total |   30931 |   10132 |  24.7 |     314 |      86 |  21.5
            +---------+---------+-------+---------+---------+-------
        D:1 |      19 |       0 |   0.0 |      10 |       0 |   0.0
        D:2 |      91 |      74 |  44.8 |      27 |      14 |  34.1
        D:3 |      83 |       0 |   0.0 |      27 |       0 |   0.0
        D:4 |     457 |       0 |   0.0 |      20 |       0 |   0.0
        D:5 |     551 |     593 |  51.8 |      15 |      10 |  40.0
        D:6 |     619 |       0 |   0.0 |      22 |       0 |   0.0
        D:7 |    1412 |     973 |  40.8 |      34 |      11 |  24.4
        D:8 |     695 |       0 |   0.0 |      23 |       0 |   0.0
        D:9 |     620 |     593 |  48.9 |       9 |      16 |  64.0
       D:10 |    1529 |       0 |   0.0 |      29 |       0 |   0.0
       D:11 |    1627 |       0 |   0.0 |      13 |       0 |   0.0
       D:12 |     307 |       0 |   0.0 |       1 |       0 |   0.0
     Lair:1 |    1262 |    2989 |  70.3 |       7 |       4 |  36.4
     Lair:2 |    2801 |     863 |  23.6 |      11 |       1 |   8.3
     Lair:3 |    4288 |     580 |  11.9 |      14 |       3 |  17.6
     Lair:4 |    7479 |    2164 |  22.4 |      23 |      11 |  32.4
     Lair:5 |    7091 |       0 |   0.0 |      29 |       0 |   0.0
     Bailey |       0 |    1303 | 100.0 |       0 |      16 | 100.0
            +---------+---------+-------+---------+---------+-------
